AoeStats
← Ser shmingus bingus

Arabia

510357218Analyzed
1v1 RM · 20h ago on Sep 30, 2026· 30m 49s· 2 players
Game mode
Random Map
Map size
Tiny (2 player)
Population
200
Speed
Normal
Resources
Standard
Victory
Conquest
Starting age
Dark Age
Ending age
Imperial Age
RankedLock teamsTeams togetherTeam positionsShared explorationLock speedFull tech treeHidden civsTurbo modeCheats
Victory
Defeat
🇧🇪 Saxons · Belgium
478
+13
🇲🇽 Georgians · Mexico
418
-13
Manquito 3000
0:36 Loom
30:17 Feudal Age
Ser shmingus bingus
7:47 Loom
10:52 Feudal Age
11:22 Double-Bit Axe
11:37 Horse Collar
18:18 Wheelbarrow
18:06 Fletching
18:17 Padded Archer Armor
20:42 Castle Age
19:16 Gold Mining
21:51 Crossbowman
22:40 Thumb Ring
23:13 Bow Saw
27:11 Heavy Plow
28:49 Town Watch
29:30 Hand Cart
30:13 Bodkin Arrow
30:35 Leather Archer Armor
Connection lost

Rejoining the realm…

Still unreachable

The connection could not be restored.

Session expired

The server has moved on; the page needs a fresh start.